 Dungeon Crawl Stone Soup version 0.26.1-11-gd32895ea62 (webtiles) character file.

Game seed: 8982127613894358766

48 ubername the Chopper (level 3, -1/43 HPs)
             Began as a Demonspawn Berserker on Apr 23, 2021.
             Was a Follower of Trog.
             Slain by an adder (3 damage)
             ... on level 2 of the Dungeon.
             The game lasted 00:01:47 (2162 turns).

ubername the Chopper (Demonspawn Berserker)         Turns: 2162, Time: 00:01:48

Health: -1/43      AC:  2    Str: 18    XL:     3   Next: 50%
Magic:  3/3        EV: 12    Int:  8    God:    Trog [*.....]
Gold:   67         SH:  0    Dex: 12    Spells: 2/2 levels left

rFire    . . .     SeeInvis .   a - +0 hand axe
rCold    . . .     Faith    .   (no shield)
rNeg     . . .     Spirit   .   b - +0 animal skin
rPois    .         Reflect  .   (no helmet)
rElec    .         Harm     .   (no cloak)
rCorr    .         Rampage  .   (no gloves)
Will     .....                  (no boots)
Stlth    ..........             (no amulet)
HPRegen  0.14/turn              (no ring)
MPRegen  0.08/turn              (no ring)

@: berserking (expiring), lethally poisoned (-1 -> -5), very quick
A: claws 1
a: Renounce Religion, Berserk


You were on level 2 of the Dungeon.
You worshipped Trog.
Trog was aware of your devotion.
You visited 1 branch of the dungeon, and saw 3 of its levels.

You collected 67 gold pieces.

Inventory:

Hand Weapons
 a - a +0 hand axe (weapon)
Armour
 b - a +0 animal skin (worn)
 j - a +0 chain mail
Jewellery
 e - a +4 ring of evasion {unknown}
Scrolls
 d - 3 scrolls of identify {unknown}
 f - a scroll of teleportation {unknown}
Potions
 c - a potion of ambrosia {unknown}
 g - a potion of curing {unknown}
 h - a potion of degeneration {unknown}
 i - a potion of resistance {unknown}
 k - a potion of berserk rage {unknown}
 l - a potion of cancellation {unknown}


   Skills:
 + Level 3.3 Fighting
 + Level 3.5 Axes
 + Level 1.8 Armour
 + Level 1.9 Dodging
 + Level 1.1 Stealth


You had 2 spell levels left.
You didn't know any spells.
Your spell library was empty.

Dungeon Overview and Level Annotations

Branches:
Dungeon (3/15)

Altars:


Innate Abilities, Weirdness & Mutations

You have sharp fingernails.


Message History

You barely miss the adder.
The adder is severely wounded.
You miss the adder.
You feel sick. The adder misses you. The adder barely misses you.
You barely miss the adder. x2; The adder closely misses you.
The adder bites you.
* * * LOW HITPOINT WARNING * * *
You barely miss the adder. You miss the adder. The adder bites you.
* * * LOW HITPOINT WARNING * * *
The adder completely misses you.
You slash the adder!
You kill the adder!
Trog accepts your kill.
You barely miss the adder.
* * * LOW HITPOINT WARNING * * *
You feel sick. The adder barely misses you.
You slash the worm!
The worm is heavily wounded.
You completely miss the adder. The adder bites you.
You die...

...##. . ###..... .##
........ .#... ........####
.).#.##... ......##
......$.. .......#########
........## #..>.......#
.........#######.†.†......#
...........w@...#.........#
.#.......###S...[.........#
#....##.. #.##..##.......#
.....? ##..#.###.##....####
...#.. ....# #.......#
..... ..### #####...# .....
#.# ...# #..


You could see a worm and an adder.

Vanquished Creatures
  An adder (D:2)
  A worm (D:2)
  2 dart slugs (D:1)
  A leopard gecko (D:1)
  3 bats
  2 giant cockroaches (D:1)
  4 goblins
  4 hobgoblins
  3 jackals (D:1)
  2 kobolds (D:1)
  A ball python (D:1)
  2 frilled lizards (D:1)
  4 rats
30 creatures vanquished.

Notes
Turn   | Place    | Note
-------+----------+-------------------------------------------
     0 | D:1      | ubername the Demonspawn Berserker began the quest for the
                  | Orb.
     0 | D:1      | Reached XP level 1. HP: 18/18 MP: 1/1
   463 | D:1      | Gained mutation: You have sharp fingernails. [demonic
                  | ancestry]
   463 | D:1      | Reached XP level 2. HP: 24/24 MP: 2/2
  1362 | D:1      | Reached skill level 1 in Stealth
  1362 | D:1      | Reached XP level 3. HP: 27/29 MP: 3/3
  2160 | D:2      | HP: 2/43 [adder (3)]
  2162 | D:2      | Slain by an adder

Illustrated notes

Levels and vault maps discovered:
D:1:      saegor_arrival_simple_a, layout_basic, grunt_decor_mini_mirrors
D:2:      layout_rooms, lemuel_round_altar
D:3:      layout_loops_ring, uniq_ijyb

Skill      XL: |  1  2 |
---------------+-------+-----
Axes           | 3 |  3.5
Stealth        | 1 |  1.1
Fighting       | |  3.3
Armour         | |  1.8
Dodging        | |  1.9

Action                   || total
-------------------------++-------
Melee: Hand axe          ||   109
Invok: Berserk           ||     2
 Stab: Sleeping          ||     1
Armor: Animal skin       ||    27
Dodge: Dodged            ||    88
